| TOP OF THE 1ST |
|
Greenville Drive batting - Pitching for Quad Cities River Bandits : RHP Ricardo Acosta
|
|
Pitching: RHP Ricardo Acosta
|
|
|
Batting: RHB Aukukero Tairi
|
0-0: Swinging Strike 0-1: Foul Ball, location: 2F 0-2: Ball 1-2: Strikes out swinging
|
|
Batting: SHB Salvador Padilla
|
0-0: Ball 1-0: Ball 2-0: Fly out, F7 (Flyball, 7LSF, EV 96.9 MPH)
|
|
Batting: RHB Alex Cardenas
|
0-0: Ball 1-0: Foul Ball, location: 2F 1-1: Fly out, F4 (Flyball, 4D, EV 85.6 MPH)
|
| Top of the 1st over - 0 runs, 0 hits, 0 errors, 0 left on base; Greenville 0 - Quad Cities 0 |
| BOTTOM OF THE 1ST |
|
Quad Cities River Bandits batting - Pitching for Greenville Drive : RHP John LaMotte
|
|
Pitching: RHP John LaMotte
|
|
|
Batting: LHB Glenn Lowther
|
0-0: Ball 1-0: Foul Ball, location: 2F 1-1: Swinging Strike 1-2: Ground out U3 (Groundball, 3S, EV 63.1 MPH)
|
|
Batting: RHB Drew Coleman
|
0-0: Called Strike 0-1: Foul Ball, location: 2F 0-2: Strikes out looking
|
|
Batting: RHB Xavier Castaneda
|
0-0: Ball 1-0: DOUBLE (Line Drive, 78D, EV 108.8 MPH)
|
|
Batting: LHB Aldo Kok
|
0-0: Called Strike 0-1: Ball 1-1: Foul Ball, location: 2F 1-2: Ball 2-2: Ball 3-2: SINGLE (Line Drive, 4MD, EV 105.0 MPH) Xavier Castaneda to third
|
|
Batting: RHB Yoshitoshi Mori
|
0-0: Called Strike 0-1: Ball 1-1: Swinging Strike 1-2: Strikes out swinging
|
| Bottom of the 1st over - 0 runs, 2 hits, 0 errors, 2 left on base; Greenville 0 - Quad Cities 0 |
| TOP OF THE 2ND |
|
Greenville Drive batting - Pitching for Quad Cities River Bandits : RHP Ricardo Acosta
|
|
Batting: LHB Danny Montoya
|
0-0: Fly out, F8 (Flyball, 8LD, EV 85.6 MPH)
|
|
Batting: SHB Robert Soto
|
0-0: Called Strike 0-1: Ball 1-1: Ball 2-1: Foul Ball, location: 2F 2-2: Strikes out swinging
|
|
Batting: RHB Mario Arriero
|
0-0: Ball 1-0: Called Strike 1-1: Foul Ball, location: 2F 1-2: Ball 2-2: Strikes out swinging
|
| Top of the 2nd over - 0 runs, 0 hits, 0 errors, 0 left on base; Greenville 0 - Quad Cities 0 |
| BOTTOM OF THE 2ND |
|
Quad Cities River Bandits batting - Pitching for Greenville Drive : RHP John LaMotte
|
|
Batting: LHB Jackson Trottier
|
0-0: Called Strike 0-1: Called Strike 0-2: Foul Ball, location: 2F 0-2: Ground out 4-3 (Groundball, 4, EV 92.5 MPH)
|
|
Batting: RHB Andrew Pride
|
0-0: Ball 1-0: Ball 2-0: Ground out 6-3 (Groundball, 6S, EV 64.4 MPH)
|
|
Batting: LHB Tomas de Zeeuw
|
0-0: Hit by Pitch
|
|
Batting: RHB Jason Monico
|
0-0: Ball 1-0: Ball 2-0: DOUBLE (Line Drive, 7LD, EV 109.4 MPH) Tomas de Zeeuw to third
|
|
Batting: LHB Glenn Lowther
|
0-0: Called Strike 0-1: Ground out 4-3 (Groundball, 4, EV 89.4 MPH)
|
| Bottom of the 2nd over - 0 runs, 1 hit, 0 errors, 2 left on base; Greenville 0 - Quad Cities 0 |
| TOP OF THE 3RD |
|
Greenville Drive batting - Pitching for Quad Cities River Bandits : RHP Ricardo Acosta
|
|
Batting: LHB Robert Gonzalez
|
0-0: Swinging Strike 0-1: Swinging Strike 0-2: Ball 1-2: Strikes out swinging
|
|
Batting: RHB Adugna Chandu
|
0-0: Ball 1-0: Ground out 5-3 (Groundball, 5, EV 101.9 MPH)
|
|
Batting: RHB Rogelio Cervantes
|
0-0: Foul Ball, location: 2F 0-1: SINGLE (Groundball, 56S, EV 71.9 MPH) (infield hit)
|
|
Batting: RHB Aukukero Tairi
|
0-0: Ball Rogelio Cervantes steals 2nd base 1-0: Ball 2-0: Ball 3-0: Called Strike 3-1: Called Strike 3-2: Foul Ball, location: 2F 3-2: Foul Ball, location: 2F 3-2: Foul Ball, location: 2F 3-2: Base on Balls
|
|
Batting: SHB Salvador Padilla
|
0-0: Ball 1-0: Called Strike 1-1: Ball 2-1: Foul Ball, location: 2F 2-2: Foul Ball, location: 2F 2-2: Foul Ball, location: 2F 2-2: Foul Ball, location: 2F 2-2: Ball 3-2: Foul Ball, location: 2F 3-2: Base on Balls Rogelio Cervantes to third Aukukero Tairi to second
|
|
Batting: RHB Alex Cardenas
|
0-0: Ball 1-0: Called Strike 1-1: Ball 2-1: DOUBLE (Line Drive, 9LM, EV 111.9 MPH) Rogelio Cervantes scores Aukukero Tairi scores Salvador Padilla to third Runner from 3rd tries for Home, throw by RF and OUT! 9-4-2
|
| Top of the 3rd over - 2 runs, 2 hits, 0 errors, 1 left on base; Greenville 2 - Quad Cities 0 |
| BOTTOM OF THE 3RD |
|
Quad Cities River Bandits batting - Pitching for Greenville Drive : RHP John LaMotte
|
|
Batting: RHB Drew Coleman
|
0-0: Ball 1-0: Called Strike 1-1: Ground out 5-3 (Groundball, 56S, EV 85.6 MPH)
|
|
Batting: RHB Xavier Castaneda
|
0-0: Ball 1-0: Foul Ball, location: 2F 1-1: Ball 2-1: Called Strike 2-2: SOLO HOME RUN (Flyball, 7LD, EV 94.4 MPH), Distance : 359 ft
|
|
Batting: LHB Aldo Kok
|
0-0: SINGLE (Groundball, 56D, EV 100.6 MPH)
|
|
Batting: RHB Yoshitoshi Mori
|
0-0: Ball 1-0: Ball 2-0: Ball 3-0: Called Strike 3-1: Base on Balls Aldo Kok to second
|
|
Batting: LHB Jackson Trottier
|
0-0: Ball 1-0: Called Strike 1-1: Called Strike 1-2: Strikes out looking
|
|
Batting: RHB Andrew Pride
|
0-0: Swinging Strike 0-1: Ball 1-1: Foul Ball, location: 2F 1-2: Foul Ball, location: 2F 1-2: Fly out, F7 (Flyball, 7, EV 78.8 MPH)
|
| Bottom of the 3rd over - 1 run, 2 hits, 0 errors, 2 left on base; Greenville 2 - Quad Cities 1 |
| TOP OF THE 4TH |
|
Greenville Drive batting - Pitching for Quad Cities River Bandits : RHP Ricardo Acosta
|
|
Batting: LHB Danny Montoya
|
0-0: Ground out 4-3 (Groundball, 4, EV 83.8 MPH)
|
|
Batting: SHB Robert Soto
|
0-0: Foul Ball, location: 2F 0-1: Ball 1-1: Fly out, F9 (Flyball, 9, EV 90.6 MPH)
|
|
Batting: RHB Mario Arriero
|
0-0: DOUBLE (Flyball, 78XD, EV 115.0 MPH)
|
|
Batting: LHB Robert Gonzalez
|
Balk! Mario Arriero to third 0-0: Called Strike 0-1: DOUBLE (Line Drive, 78M, EV 94.4 MPH) Mario Arriero scores
|
|
Batting: RHB Adugna Chandu
|
0-0: Swinging Strike 0-1: Ball 1-1: Ball 2-1: Fly out, F9 (Flyball, 89D, EV 105.0 MPH)
|
| Top of the 4th over - 1 run, 2 hits, 0 errors, 1 left on base; Greenville 3 - Quad Cities 1 |
| BOTTOM OF THE 4TH |
|
Quad Cities River Bandits batting - Pitching for Greenville Drive : RHP John LaMotte
|
|
Batting: LHB Tomas de Zeeuw
|
0-0: Ground out 5-3 (Groundball, 56, EV 84.4 MPH)
|
|
Batting: RHB Jason Monico
|
0-0: Ball 1-0: DOUBLE (Groundball, 5L, EV 105.6 MPH)
|
|
Batting: LHB Glenn Lowther
|
0-0: Ball 1-0: Ball Passed Ball! Jason Monico to third 2-0: Called Strike Balk! Jason Monico scores 2-1: Ground out 4-3 (Groundball, 34, EV 84.4 MPH)
|
|
Batting: RHB Drew Coleman
|
0-0: Swinging Strike 0-1: Reached on error, E4 (Groundball, 4M, EV 103.1 MPH)
|
|
Batting: RHB Xavier Castaneda
|
0-0: Ball 1-0: Called Strike 1-1: Ball 2-1: Foul Ball, location: 2F 2-2: Ball 3-2: Foul Ball, location: 2F 3-2: Foul Ball, location: 2F 3-2: Ground out 5-3 (Groundball, 5, EV 87.5 MPH)
|
| Bottom of the 4th over - 1 run, 1 hit, 1 error, 1 left on base; Greenville 3 - Quad Cities 2 |
| TOP OF THE 5TH |
|
Greenville Drive batting - Pitching for Quad Cities River Bandits : RHP Ricardo Acosta
|
|
Batting: RHB Rogelio Cervantes
|
0-0: Called Strike 0-1: Called Strike 0-2: Foul Ball, location: 2F 0-2: SINGLE (Groundball, 56, EV 95.6 MPH)
|
|
Batting: RHB Aukukero Tairi
|
0-0: Ball Rogelio Cervantes steals 2nd base 1-0: SINGLE (Groundball, 56S, EV 66.2 MPH) (infield hit) Rogelio Cervantes to third
|
|
Batting: SHB Salvador Padilla
|
0-0: Ball Aukukero Tairi steals 2nd base 1-0: Ball 2-0: Foul Ball, location: 2F 2-1: Called Strike 2-2: Ball 3-2: Base on Balls
|
|
Batting: RHB Alex Cardenas
|
0-0: Ball 1-0: Ball Wild Pitch! Rogelio Cervantes scores Aukukero Tairi to third Salvador Padilla to second 2-0: Ball 3-0: Called Strike 3-1: Called Strike 3-2: Fly out, F2 (Popup, 23F, EV 85.0 MPH)
|
|
Batting: LHB Danny Montoya
|
0-0: Ball 1-0: Called Strike 1-1: Ball 2-1: Ball 3-1: Base on Balls
|
|
Batting: SHB Robert Soto
|
0-0: Ball 1-0: Swinging Strike 1-1: Grounds into fielders choice 6-2 (Groundball, 6, EV 105.0 MPH) Salvador Padilla to third Danny Montoya to second
|
|
Batting: RHB Mario Arriero
|
0-0: Foul Ball, location: 2F 0-1: Called Strike 0-2: Ball 1-2: Strikes out swinging
|
| Top of the 5th over - 1 run, 2 hits, 0 errors, 3 left on base; Greenville 4 - Quad Cities 2 |
| BOTTOM OF THE 5TH |
|
Quad Cities River Bandits batting - Pitching for Greenville Drive : RHP John LaMotte
|
|
Batting: LHB Aldo Kok
|
0-0: Ball 1-0: Ball 2-0: Ball 3-0: Base on Balls
|
|
Batting: RHB Yoshitoshi Mori
|
0-0: Called Strike 0-1: Ball 1-1: Foul Ball, location: 2F 1-2: Fly out, F9 (Flyball, 89M, EV 85.6 MPH)
|
|
Batting: LHB Jackson Trottier
|
0-0: Ball 1-0: Called Strike 1-1: Ball 2-1: Called Strike 2-2: SINGLE (Groundball, 4MD, EV 105.0 MPH) Aldo Kok to second Runner from 2nd tries for 3rd, SAFE, throw by CF made to third
|
|
Batting: RHB Andrew Pride
|
0-0: Foul Ball, location: 2F 0-1: Foul Ball, location: 2F 0-2: Ball Jackson Trottier steals 2nd base 1-2: Foul Ball, location: 2F 1-2: Ball 2-2: Ball 3-2: Fly out, F8 (Flyball, 8RM, EV 92.5 MPH)
|
|
Batting: LHB Tomas de Zeeuw
|
0-0: Foul Ball, location: 2F 0-1: Ball 1-1: Swinging Strike 1-2: SINGLE (Line Drive, 4D, EV 99.4 MPH) Aldo Kok scores Jackson Trottier to third Runner from 3rd tries for Home, SAFE, throw by CF to home Tomas de Zeeuw to second
|
|
Batting: RHB Jason Monico
|
0-0: Foul Ball, location: 2F 0-1: Ball 1-1: Ball 2-1: Fly out, F7 (Flyball, 78M, EV 95.0 MPH)
|
| Bottom of the 5th over - 2 runs, 2 hits, 0 errors, 1 left on base; Greenville 4 - Quad Cities 4 |
| TOP OF THE 6TH |
|
Greenville Drive batting - Pitching for Quad Cities River Bandits : RHP Ricardo Acosta
|
|
Batting: LHB Robert Gonzalez
|
0-0: Ball 1-0: Called Strike 1-1: Swinging Strike 1-2: Ball 2-2: Foul Ball, location: 2F 2-2: Foul Ball, location: 2F 2-2: Fly out, F9 (Flyball, 9LM, EV 76.2 MPH)
|
|
Batting: RHB Adugna Chandu
|
0-0: Ball 1-0: Called Strike 1-1: Foul Ball, location: 2F 1-2: Ball 2-2: Foul Ball, location: 2F 2-2: Ball 3-2: Foul Ball, location: 2F 3-2: Foul Ball, location: 2F 3-2: Foul Ball, location: 2F 3-2: Base on Balls
|
|
Pitching: RHP Jose Herrera
|
|
|
Batting: RHB Rogelio Cervantes
|
0-0: Ball 1-0: Called Strike Pickoff Throw to First - Out! 1-3 CS 1-1: Called Strike 1-2: SINGLE (Line Drive, 8RS, EV 86.9 MPH)
|
|
Batting: RHB Aukukero Tairi
|
0-0: Ball Rogelio Cervantes steals 2nd base 1-0: Ball 2-0: Ball 3-0: Called Strike 3-1: Base on Balls
|
|
Batting: SHB Salvador Padilla
|
0-0: Ball 1-0: Ball 2-0: SINGLE (Groundball, 6MS, EV 86.9 MPH) (infield hit) Rogelio Cervantes to third Aukukero Tairi to second
|
|
Batting: RHB Alex Cardenas
|
0-0: Ball 1-0: Called Strike 1-1: Ball 2-1: Foul Ball, location: 2F 2-2: Fielders Choice at 2nd, 6-4 (Groundball, 6, EV 92.5 MPH)
|
| Top of the 6th over - 0 runs, 2 hits, 0 errors, 3 left on base; Greenville 4 - Quad Cities 4 |
| BOTTOM OF THE 6TH |
|
Quad Cities River Bandits batting - Pitching for Greenville Drive : RHP John LaMotte
|
|
Batting: LHB Glenn Lowther
|
0-0: Ground out U3 (Groundball, 3, EV 98.8 MPH)
|
|
Pitching: RHP Jon Olivo
|
|
|
Batting: RHB Drew Coleman
|
0-0: Called Strike 0-1: Called Strike 0-2: Fly out, F7 (Flyball, 7, EV 95.6 MPH)
|
|
Batting: RHB Xavier Castaneda
|
0-0: Ball 1-0: Foul Ball, location: 2F 1-1: Swinging Strike 1-2: Ground out 5-3 (Groundball, 5, EV 83.1 MPH)
|
| Bottom of the 6th over - 0 runs, 0 hits, 0 errors, 0 left on base; Greenville 4 - Quad Cities 4 |
| TOP OF THE 7TH |
|
Greenville Drive batting - Pitching for Quad Cities River Bandits : RHP Jose Herrera
|
|
Pitching: RHP Brian Trejo
|
|
|
Batting: LHB Danny Montoya
|
0-0: Ball 1-0: Ball 2-0: Fly out, F8 (Flyball, 8LXD, EV 85.6 MPH)
|
|
Batting: SHB Robert Soto
|
0-0: Called Strike 0-1: Ground out 1-3 (Groundball, 13S, EV 73.8 MPH)
|
|
Batting: RHB Mario Arriero
|
0-0: Foul Ball, location: 2F 0-1: Foul Ball, location: 2F 0-2: Ball 1-2: Ball 2-2: Strikes out swinging
|
| Top of the 7th over - 0 runs, 0 hits, 0 errors, 0 left on base; Greenville 4 - Quad Cities 4 |
| BOTTOM OF THE 7TH |
|
Quad Cities River Bandits batting - Pitching for Greenville Drive : RHP Jon Olivo
|
|
Batting: LHB Aldo Kok
|
0-0: Called Strike 0-1: Reached on error, E5 (Groundball, 56S, EV 70.6 MPH)
|
|
Batting: RHB Yoshitoshi Mori
|
0-0: Ball 1-0: Grounds into double play, 6-4-3 (Groundball, 6M, EV 93.1 MPH)
|
|
Batting: LHB Jackson Trottier
|
0-0: Ball 1-0: Ball 2-0: Called Strike 2-1: Ball 3-1: Ground out 4-3 (Groundball, 4, EV 83.8 MPH)
|
| Bottom of the 7th over - 0 runs, 0 hits, 1 error, 0 left on base; Greenville 4 - Quad Cities 4 |
| TOP OF THE 8TH |
|
Greenville Drive batting - Pitching for Quad Cities River Bandits : RHP Brian Trejo
|
|
Batting: LHB Robert Gonzalez
|
0-0: Ball 1-0: Called Strike 1-1: Swinging Strike 1-2: Ball 2-2: Fly out, F7 (Line Drive, 7, EV 86.2 MPH)
|
|
Pinch Hitting: LHB Carlos Guerra
|
0-0: Swinging Strike 0-1: Ball 1-1: Ball 2-1: DOUBLE (Popup, 3D, EV 50.6 MPH)
|
|
Pinch Hitting: LHB Eddie Contreras
|
0-0: Intentional Walk
|
|
Batting: RHB Aukukero Tairi
|
0-0: Ball 1-0: Ball 2-0: SINGLE (Groundball, 5L, EV 91.9 MPH) (infield hit) Carlos Guerra to third Eddie Contreras to second
|
|
Batting: SHB Salvador Padilla
|
0-0: Swinging Strike 0-1: Foul Ball, location: 2F 0-2: Ball 1-2: Ball 2-2: GRAND SLAM HOME RUN (Flyball, 78XD, EV 100.6 MPH), Distance : 403 ft
|
|
Pitching: RHP Chance Robinson
|
|
|
Batting: RHB Alex Cardenas
|
0-0: Ball 1-0: Foul Ball, location: 2F 1-1: SINGLE (Groundball, 6MS, EV 70.6 MPH) (infield hit)
|
|
Batting: LHB Danny Montoya
|
0-0: 2-RUN HOME RUN (Flyball, 9D, EV 95.6 MPH), Distance : 360 ft
|
|
Batting: SHB Robert Soto
|
0-0: Ground out 6-3 (Groundball, 6M, EV 81.9 MPH)
|
|
Batting: RHB Mario Arriero
|
0-0: Ball 1-0: Fly out, F9 (Flyball, 9, EV 75.6 MPH)
|
| Top of the 8th over - 6 runs, 5 hits, 0 errors, 0 left on base; Greenville 10 - Quad Cities 4 |
| BOTTOM OF THE 8TH |
|
Quad Cities River Bandits batting - Pitching for Greenville Drive : RHP Jon Olivo
|
|
Now at 2B: Carlos Guerra
|
|
|
Now at SS: Matt Parker
|
|
|
Batting: RHB Andrew Pride
|
0-0: Called Strike 0-1: Ball 1-1: Foul Ball, location: 2F 1-2: Ball 2-2: Ground out 6-3 (Groundball, 6, EV 103.8 MPH)
|
|
Batting: LHB Tomas de Zeeuw
|
0-0: Ball 1-0: Ground out U3 (Groundball, 3L, EV 85.6 MPH)
|
|
Batting: RHB Jason Monico
|
0-0: Ground out 5-3 (Groundball, 56, EV 101.2 MPH)
|
| Bottom of the 8th over - 0 runs, 0 hits, 0 errors, 0 left on base; Greenville 10 - Quad Cities 4 |
| TOP OF THE 9TH |
|
Greenville Drive batting - Pitching for Quad Cities River Bandits : RHP Chance Robinson
|
|
Batting: LHB Robert Gonzalez
|
0-0: Ground out 4-3 (Groundball, 4, EV 101.2 MPH)
|
|
Batting: LHB Carlos Guerra
|
0-0: Ball 1-0: Swinging Strike 1-1: Ball 2-1: Ball 3-1: Ground out 5-3 (Groundball, 5, EV 85.0 MPH)
|
|
Batting: RHB Matt Parker
|
0-0: Foul Ball, location: 2F 0-1: Reached on error, E5 (Groundball, 56, EV 86.2 MPH)
|
|
Batting: RHB Aukukero Tairi
|
0-0: Called Strike 0-1: Ball Matt Parker steals 2nd base 1-1: SINGLE (Groundball, 56D, EV 98.8 MPH) Matt Parker to third Runner from 3rd tries for Home, SAFE, throw by LF to home
|
|
Batting: SHB Salvador Padilla
|
0-0: Reached on error, E5 (Groundball, 5L, EV 91.9 MPH) Aukukero Tairi to second
|
|
Pinch Hitting: RHB David Norum
|
0-0: Foul Ball, location: 2F 0-1: Swinging Strike Passed Ball! Aukukero Tairi to third Salvador Padilla to second 0-2: Strikes out looking
|
| Top of the 9th over - 1 run, 1 hit, 2 errors, 2 left on base; Greenville 11 - Quad Cities 4 |
| BOTTOM OF THE 9TH |
|
Quad Cities River Bandits batting - Pitching for Greenville Drive : RHP Jon Olivo
|
|
Now at 3B: David Norum
|
|
|
Batting: LHB Glenn Lowther
|
0-0: Ground out 5-3 (Groundball, 56, EV 100.6 MPH)
|
|
Batting: RHB Drew Coleman
|
0-0: Ball 1-0: Ground out 1-3 (Groundball, 13, EV 65.6 MPH)
|
|
Pinch Hitting: RHB Sean Mounts
|
0-0: Swinging Strike 0-1: Called Strike 0-2: Ball 1-2: Strikes out looking
|
| Bottom of the 9th over - 0 runs, 0 hits, 0 errors, 0 left on base; Greenville 11 - Quad Cities 4 |
|